 Dungeon Crawl Stone Soup version 0.20.1-1-g8b1a95d (webtiles) character file.

237 Gremour the Grave Robber (level 5, -6/44 HPs)
             Began as a Deep Dwarf Necromancer on Sept 8, 2017.
             Mangled by a yak (10 damage)
             ... on level 4 of the Dungeon.
             The game lasted 00:43:20 (4866 turns).

Gremour the Grave Robber (Deep Dwarf Necromancer)   Turns: 4866, Time: 00:43:21

Health: -6/44      AC:  2    Str: 12    XL:     5   Next: 77%
Magic:  8/10       EV: 13    Int: 16    God:
Gold:   148        SH:  0    Dex: 13    Spells: 2/11 levels left

rFire    . . .     SeeInvis .   a - +0 flail
rCold    . . .     Gourm    .   (no shield)
rNeg     . . .     Faith    .   k - +0 robe
rPois    .         Spirit   .   (no helmet)
rElec    .         Reflect  .   (no cloak)
rCorr    .         Harm     .   (no gloves)
MR       .....                  (no boots)
Stlth    ++........             (no amulet)
Regen    0.0/turn               (no ring)
MPRegen  0.2/turn               (no ring)

@: non-regenerating
A: damage resistance, heal wounds, sense surroundings 1, no regeneration
a: Heal Wounds


You were on level 4 of the Dungeon.
You were not hungry.

You visited 1 branch of the dungeon, and saw 4 of its levels.

You collected 148 gold pieces.

Inventory:

Hand Weapons
 a - a +0 flail (weapon)
 m - a +0 hand axe
Missiles
 h - 12 javelins (quivered)
Armour
 k - a +0 robe (worn)
Scrolls
 d - 5 scrolls of identify
 e - a scroll of magic mapping
 i - a scroll of amnesia
 j - a scroll of fog
 n - a scroll of teleportation
Potions
 f - a potion of curing
Books
 b - a book of Necromancy

   Spells                             Type                      Level
   a - Pain                           Necromancy                   1
   b - Animate Skeleton               Necromancy                   1
   c - Vampiric Draining              Necromancy                   3
   d - Regeneration                   Charms/Necromancy            3
   e - Animate Dead                   Necromancy                   4
   f - Control Undead                 Necromancy                   4
Comestibles
 c - a bread ration
 g - a chunk of flesh


   Skills:
 + Level 1.0 Fighting
 * Level 3.5 Dodging
 + Level 2.6 Stealth
 * Level 3.5 Spellcasting
 + Level 5.5 Necromancy


You had 2 spell levels left.
You knew the following spells:

 Your Spells              Type           Power        Failure   Level  Hunger
a - Pain                  Necr           ###.         1%          1    None
d - Vampiric Draining     Necr           ###.......   5%          3    ###....
s - Animate Skeleton      Necr           N/A          1%          1    None
w - Animate Dead          Necr           N/A          17%         4    ####...


Dungeon Overview and Level Annotations

Branches:
Dungeon (4/15)
 Temple: D:4-7

Altars:
Hepliaklqana
Zin

Annotations:
D:3 Agrougrou's ghost, amateur OpTm


Innate Abilities, Weirdness & Mutations

You are resistant to damage.
You can heal yourself by infusing magical energy.
You passively map a small area around you.
You do not regenerate.


Message History

The yak writhes in agony!
Casting: Pain
Confirm with . or Enter, or press ? or * to list all spells.
Aiming: Pain
Press: ? - help, Shift-Dir - straight line, f/p - yak
Aim: a yak (lightly wounded, chance to defeat MR: 80%)
The yak writhes in agony!
The yak gores your adder skeleton!!
Your adder skeleton is destroyed!
Casting: Pain
Confirm with . or Enter, or press ? or * to list all spells.
Aiming: Pain
Press: ? - help, Shift-Dir - straight line, f/p - yak
Aim: a yak (moderately wounded, chance to defeat MR: 80%)
The yak barely resists.
The yak gores you.
You open the door. The yak gores you!
* * * LOW HITPOINT WARNING * * *
The yak gores you!
You die...

.....# #....# #.......#*,# .....#
##.### #.......#*.## ##+######.##
#.......##..## #.#.......#
#.......#....#** ##'#..(....#
#..............** #.%........#
#.......######.,*** #...######.#
#......##8[?8#*,,,, #...# *.#
#.YY...#8....8*,,** ##'##*****.#
##@###.'......+,,*
##.#*,,,,,)#***#.# #.'......+,,**
...#*,,,,,..,,,..# #.#8....8*,,,,
##.#*,,,,,*,**##.#*#.##8?}8#*,***
####*,,,,,*,* #..,...*#####,,,,,
# *,,,,,*,* *#..*##+* *+***, #
****+**,***..#*,*,******,,,** #
*,**,,**..#,*,**,**,**,*,* #
*,***,*,,,*,***,,**,*,**,*


You could see 2 yaks.

Vanquished Creatures
  An orc priest (D:3)
  An iguana (D:4)
  An orc wizard (D:4)
  A worker ant (D:2)
  3 adders
  5 worms
  3 dart slugs (D:2)
  A leopard gecko (D:1)
  9 orcs
  3 giant cockroaches
  9 goblins
  7 hobgoblins
  4 jackals (D:2)
  A quokka (D:3)
  8 bats
  3 frilled lizards
  4 kobolds
  10 rats
74 creatures vanquished.

Vanquished Creatures (collateral kills)
  An adder (D:3)
  A worm (D:3)
  A giant cockroach (D:2)
  A bat (D:1)
  A rat (D:3)
5 creatures vanquished.

Grand Total: 79 creatures vanquished

Notes
Turn   | Place    | Note
-------+----------+-------------------------------------------
     0 | D:1      | Gremour the Deep Dwarf Necromancer began the quest for the Orb.
     0 | D:1      | Reached XP level 1. HP: 15/15 MP: 3/3
     2 | D:1      | Learned a level 1 spell: Animate Skeleton
   357 | D:1      | Reached XP level 2. HP: 22/22 MP: 1/5
  1272 | D:2      | Reached XP level 3. HP: 26/30 MP: 0/6
  1358 | D:2      | Learned a level 3 spell: Vampiric Draining
  2188 | D:2      | Reached skill level 5 in Necromancy
  2559 | D:3      | Reached XP level 4. HP: 33/37 MP: 0/7
  2562 | D:3      | Noticed Agrougrou's ghost (amateur OpTm)
  2778 | D:3      | Learned a level 1 spell: Animate Skeleton
  2862 | D:3      | Found Zin's Purification Station.
  2864 | D:3      | Found a glowing silver altar of Zin.
  3807 | D:4      | Found a hazy altar of Hepliaklqana.
  3844 | D:4      | Reached XP level 5. HP: 18/43 MP: 1/9
  4148 | D:2      | Learned a level 4 spell: Animate Dead
  4168 | D:2      | Reached skill level 1 in Fighting
  4849 | D:4      | Found a large runed door.
  4850 | D:4      | Found a large runed door.
  4857 | D:4      | Noticed a yak
  4857 | D:4      | Noticed a yak
  4866 | D:4      | Mangled by a yak

Skill      XL: |  1  2  3  4  5 |
---------------+----------------+-----
Spellcasting   | 2 3 |  3.5
Necromancy     | 5 |  5.5
Dodging        | 3 |  3.5
Fighting       | 1 |  1.0
Stealth        | |  2.6

Action                   |  1- 3 |  4- 6 || total
-------------------------+-------+-------++-------
Melee: Hand axe          |     3 |       ||     3
       Flail             |    21 |    19 ||    40
Throw: Javelin           |     3 |     2 ||     5
 Cast: Pain              |    74 |    41 ||   115
       Animate Skeleton  |     4 |     6 ||    10
       Vampiric Draining |    13 |    25 ||    38
       Animate Dead      |       |     1 ||     1
  Use: Potion            |     3 |     5 ||     8
       Scroll            |       |     6 ||     6
 Stab: Sleeping          |     6 |       ||     6
  Eat: Chunk             |     2 |     4 ||     6
       Meat ration       |     1 |       ||     1
       Fruit             |     1 |       ||     1
       Bread ration      |       |     2 ||     2
Armor: Robe              |     9 |     7 ||    16
Dodge: Dodged            |    40 |    36 ||    76
